Map: Year Zero LE

Players

Smileblind - Winner!

  • Race: Protoss Protoss
  • Spawn Location: 11:00

VOD

Have the link to the VOD?

Description

Time

  • Played on: Jan. 23, 2019, 2:16 a.m.
  • Length: 26:48
Show
View Real Time Build Order
Export as new Build Order

Smileblind Protoss - Winner!

Build Orders:  

Get SALT Encoding   

  12  0:07  Probe (Chrono Boost)  
  13  0:23  Probe (Chrono Boost)  
  14  0:34  Probe (Chrono Boost)  
  14  0:37  Pylon  
  15  0:47  Assimilator  
  15  0:56  Assimilator  
  15  1:05  Probe (Chrono Boost)  
  16  1:14  Gateway  
  17  1:22  Probe (Chrono Boost)  
  17  1:38  Probe (Chrono Boost)  
  18  1:43  Pylon  
  18  1:55  Probe (Chrono Boost)  
  19  2:02  Gateway  
  19  2:12  Probe (Chrono Boost)  
  19  2:18  Gateway  
  20  2:28  Zealot  
  20  2:35  Cybernetics Core  
  20  2:40  Forge  
  22  2:50  Pylon  
  22  2:55  Probe (Chrono Boost)  
  24  3:12  Probe (Chrono Boost)  
  24  3:28  Stalker x2  
  24  3:29  Probe (Chrono Boost)  
  29  3:50  Photon Cannon  
  29  4:04  Photon Cannon  
  29  4:16  Stargate  
  29  4:21  Protoss Ground Weapons Level 1  
  29  4:41  Warp Gate  
  29  5:01  Sentry  
  29  5:03  Zealot  
  33  5:18  Pylon  
  33  5:38  Zealot  
  38  5:41  Oracle  
  38  6:18  Nexus  
  38  6:30  Pylon  
  38  6:51  Void Ray  
  42  7:03  Photon Cannon  
  42  7:13  Probe (Chrono Boost)  
  43  7:20  Gateway  
  43  7:24  Gateway  
  44  7:30  Probe (Chrono Boost)  
  41  7:51  Stalker x2  
  45  8:02  Photon Cannon  
  45  8:06  Photon Cannon, Probe (Chrono Boost)  
  46  8:18  Probe (Chrono Boost)  
  46  8:27  Probe (Chrono Boost)  
  46  8:28  Pylon  
  48  8:43  Probe (Chrono Boost)  
  48  8:48  Void Ray  
  53  8:53  Sentry  
  55  9:09  Photon Cannon  
  55  9:17  Shield Battery  
  55  9:18  Shield Battery  
  41  10:02  Stalker x2  
  41  10:03  Stalker x2  
  41  10:08  Probe (Chrono Boost)  
  50  10:23  Twilight Council  
  50  10:25  Probe (Chrono Boost)  
  51  10:33  Shield Battery  
  51  10:41  Void Ray  
  51  10:42  Probe (Chrono Boost)  
  56  10:59  Probe (Chrono Boost)  
  57  11:04  Zealot x3  
  63  11:16  Probe (Chrono Boost)  
  64  11:28  Probe (Chrono Boost)  
  65  11:33  Probe (Chrono Boost)  
  65  11:36  Assimilator x2  
  66  11:50  Pylon  
  66  12:14  Nexus  
  66  12:21  Charge  
  66  12:22  Zealot  
  68  12:32  Stalker  
  70  12:47  Pylon  
  70  12:52  Pylon  
  70  12:55  Probe (Chrono Boost)  
  71  13:05  Probe (Chrono Boost)  
  71  13:07  Probe (Chrono Boost)  
  72  13:13  Sentry  
  72  13:18  Stalker, Probe (Chrono Boost)  
  78  13:30  Probe (Chrono Boost)  
  78  13:33  Probe (Chrono Boost)  
  80  13:41  Probe (Chrono Boost)  
  82  13:50  Probe (Chrono Boost)  
  82  13:51  Shield Battery  
  82  13:53  Shield Battery  
  82  13:54  Probe (Chrono Boost)  
  82  13:57  Probe (Chrono Boost)  
  84  14:01  Shield Battery  
  84  14:09  Probe (Chrono Boost)  
  85  14:11  Probe (Chrono Boost)  
  85  14:14  Gateway  
  86  14:21  Probe (Chrono Boost)  
  87  14:32  Stargate  
  87  14:37  Protoss Air Weapons Level 1  
  87  14:38  Probe (Chrono Boost)  
  88  14:44  Void Ray  
  92  14:55  Probe (Chrono Boost)  
  93  15:02  Blink  
  93  15:10  Gateway  
  93  15:12  Probe (Chrono Boost)  
  93  15:13  Assimilator  
  94  15:20  Assimilator  
  94  15:25  Pylon  
  94  15:29  Probe (Chrono Boost)  
  95  15:31  Photon Cannon  
  95  15:33  Photon Cannon  
  95  15:38  Photon Cannon  
  95  15:46  Probe (Chrono Boost)  
  96  15:54  Void Ray  
  100  16:00  Pylon  
  100  16:03  Probe (Chrono Boost)  
  100  16:05  Pylon  
  100  16:09  Sentry, Pylon  
  103  16:10  Sentry  
  103  16:13  Stalker  
  107  16:29  Zealot  
  109  16:30  Zealot x2  
  105  16:54  Void Ray  
  103  17:03  Void Ray  
  107  17:11  Stalker x2  
  107  17:13  Stalker  
  113  17:22  Probe (Chrono Boost)  
  113  17:29  Photon Cannon  
  114  17:33  Probe (Chrono Boost)  
  115  17:46  Probe (Chrono Boost)  
  116  17:54  Void Ray  
  116  17:56  Stalker x5  
  130  18:03  Probe (Chrono Boost), Void Ray  
  135  18:16  Zealot  
  135  18:17  Pylon  
  137  18:21  Pylon  
  137  18:35  Shield Battery  
  137  18:41  Shield Battery  
  137  18:52  Robotics Facility  
  137  18:54  Phoenix  
  137  18:59  Templar Archives  
  139  19:04  Void Ray  
  139  19:11  Protoss Air Armor Level 1  
  139  19:16  Protoss Ground Weapons Level 2  
  143  19:29  Void Ray  
  147  19:51  Fleet Beacon  
  147  19:58  Observer  
  148  20:02  Void Ray  
  153  20:10  Probe (Chrono Boost)  
  153  20:27  Probe (Chrono Boost)  
  153  20:28  Immortal  
  153  20:29  Phoenix  
  160  20:50  High Templar x2  
  164  21:30  Nexus  
  164  21:44  Phoenix  
  164  21:45  Pylon  
  164  21:46  Pylon  
  164  21:47  Phoenix  
  164  21:49  Carrier  
  160  21:54  Pylon  
  158  22:22  Void Ray  
  162  22:52  Carrier  
  168  23:49  Void Ray  
  170  24:49  Void Ray  
  174  24:52  Void Ray  
Tags
 
Add a new tag
Caveats
  • Supply blocks, unpowered buildings, or Contaminate may cause inaccurate times.
  • Supply counts are checked every 10 seconds.